 Dungeon Sprint DCSS version 0.21.0-25-ge575cb9 (webtiles) character file.

88520 wojtek the Axe Maniac (level 14, 0/151 HPs)
             Began as a Minotaur Berserker on Jan 26, 2018.
             Was a Priest of Trog.
             Slain by Mara
             ... wielding a +6 vampiric demon trident
              (2 damage)
             ... in the Dungeon (Sprint III: "The Ten Rune Challenge").
             The game lasted 00:23:18 (7643 turns).

wojtek the Axe Maniac (Minotaur Berserker)          Turns: 7643, Time: 00:23:19

Health: 0/151      AC: 42    Str: 30    XL:     14   Next: 57%
Magic:  13/13      EV: 18    Int:  9    God:    Trog [***...]
Gold:   5201       SH:  0    Dex: 11    Spells: 13/13 levels left

rFire    + . .     SeeInvis .   c - +3 battleaxe of Understanding {chop, rF+ MR+ Str+4}
rCold    + . .     Gourm    .   (shield currently unavailable)
rNeg     . . .     Faith    .   I - +17 plate armour of Jadonaiv {Regen+ Int+2}
rPois    .         Spirit   .   B - +2 hat {Int+3}
rElec    .         Reflect  .   (no cloak)
rCorr    .         Harm     .   (no gloves)
MR       ++...     NoTele   +   G - +2 pair of boots {Stlth+}
Stlth    ..........             (no amulet)
HPRegen  0.75/turn              J - ring of protection from cold
MPRegen  0.13/turn              (no ring)

@: berserk cooldown, slowed, very slow
A: retaliatory headbutt, horns 2
}: 2/10 runes: decaying, serpentine
a: Berserk, Trog's Hand, Burn Spellbooks, Renounce Religion


You were in the Dungeon.
You worshipped Trog.
Trog was most pleased with you.
You were not hungry.

You visited 1 branch You collected 6708 gold pieces.
You spent 1507 gold pieces at shops.

Inventory:

Hand Weapons
 a - the +6 executioner's axe of Ximel {holy, +Blink rPois}
   (Trog gifted it to you in the Dungeon)

   It has been blessed by the Shining One to cause great damage to the undead
   and demons.
   It protects you from poison.
   It lets you blink.
 b - a +5 antimagic executioner's axe
 c - the +3 battleaxe of Understanding (weapon) {chop, rF+ MR+ Str+4}
   (Trog gifted it to you in the Dungeon)

   It inflicts extra damage upon your enemies.
   It affects your strength (+4).
   It protects you from fire.
   It affects your resistance to hostile enchantments.
 u - a +2 antimagic battleaxe
 v - a +0 broad axe of chopping
 w - a +3 battleaxe of flaming
 y - a +3 battleaxe of chopping
 A - a +2 battleaxe of flaming
 C - a +6 executioner's axe of electrocution
 E - a +2 antimagic executioner's axe
 F - a +5 broad axe of venom
 H - a +2 antimagic battleaxe
 Q - a +3 antimagic battleaxe
Missiles
 N - 4 throwing nets (quivered)
Armour
 t - a +0 ring mail of fire resistance
 x - a +0 plate armour
 B - a +2 hat of intelligence (worn)
 G - a +2 pair of boots of stealth (worn)
 I - the +17 plate armour of Jadonaiv (worn) {Regen+ Int+2}
   (You bought it in a shop in the Dungeon)

   It affects your intelligence (+2).
   It increases your rate of regeneration.
Jewellery
 J - a ring of protection from cold (left hand)
Scrolls
 i - a scroll of blinking
 j - a scroll of fog {unknown}
 l - a scroll of torment {unknown}
 m - 3 scrolls of identify
 n - 3 scrolls of remove curse
 p - a scroll of holy word {unknown}
 L - a scroll of magic mapping {unknown}
 M - a scroll of enchant armour {unknown}
Potions
 d - 8 potions of curing
 e - a potion of heal wounds
 f - a potion of haste
 g - 2 potions of magic
 h - 2 potions of berserk rage
 o - 4 potions of flight
 q - 2 potions of invisibility {unknown}
 r - 6 potions of mutation
 s - a potion of might
 D - a potion of brilliance {unknown}
 K - 2 potions of agility {unknown}
 P - a potion of degeneration {unknown}
Books
 O - a book of Minor Magic

   Spells                             Type                      Level
   a - Magic Dart                     Conjuration                  1
   b - Blink                          Translocation                2
   c - Call Imp                       Summoning                    2
   d - Slow                           Hexes                        2
   e - Conjure Flame                  Conjuration/Fire             3
   f - Mephitic Cloud                 Conjuration/Poison/Air       3
   Trog disapproves of the use of such an item.
Comestibles
 z - 17 rations


   Skills:
 + Level 21.4 Fighting
 O Level 27 Axes
 + Level 21.2 Armour
 + Level 19.8 Dodging


You had 13 spell levels left.
You didn't know any spells.

Dungeon Overview and Level Annotations

Branches:
Dungeon (1/1)

Altars:
Cheibriados
Dithmenos
Elyvilon
Fedhas
Gozag
Hepliaklqana
Kikubaaqudgha
Makhleb
Nemelex Xobeh
Okawaru
Qazlal
Ru
Sif Muna
Trog
Uskayaw
Vehumet
Wu Jian
Xom
Yredelemnul
Zin
The Shining One
Beogh
Jiyva
Lugonu

Shops:
D }!(!:![}}!}![*!!%(:?}*=

Annotations:
D Mara


Innate Abilities, Weirdness & Mutations

You reflexively headbutt those who attack you in melee.
You have a pair of horns on your head.


Message History

You hit Mara.
Mara is moderately wounded.
Mara hits you but does no damage.
Mara hits you with a vampiric demon trident!!
* * * LOW HITPOINT WARNING * * *
Mara closely misses Mara.
You slash Mara!
Mara is moderately wounded.
Mara blinks!
Mara completely misses you. Mara gestures at you.
The bolt of fire misses Mara.
The bolt of fire hits you! You resist.
* * * LOW HITPOINT WARNING * * *
The bolt of fire hits Mara.
Mara resists.
Unknown command.
You swap places.
Mara hits wojtek's illusion but does no damage.
Wojtek's illusion barely misses Mara.
Mara hits you with a vampiric demon trident.
You die...

#'#'###...###.#..##R##▓
#.#.# ##'####.##.##...▓
#'#####.≈≈≈+#.##.####.▓
#..'∩∩#.≈≈.#..##......▓
####∩∩#.≈≈.#######R###▓
#..#..≈@#.['≈⌠...≈.▓
+..'..≈≈'.)#[≈R@.≈.▓
#..#≈≈≈.#..#.≈R≈.≈.▓
#..#....#..#.@R≈)..▓
#..####'#######'###▓
#..#)#)#.#.#.#.#.#.▓
+..'#)#.#.#.#.#.#.#▓
#..#)#.#.#.#.#.#.#.▓
#######▓▓▓▓▓▓▓▓▓▓▓▓▓


You could see 3 Maras, wojtek's illusion and the friendly Mara.

Vanquished Creatures
  Boris (D)
  Sigmund (D)
  Gastronok (D)
  A storm dragon (D)
  A nagaraja (D)
  A ghost moth (D)
  2 vampire knights (D)
  2 dire elephants (D)
  6 fire dragons (D)
  A mummy priest (D)
  A naga warrior (D)
  4 anacondas (D)
  A centaur warrior (D)
  Erica (D)
  2 hydras (D)
  3 death yaks (D)
  Urug (D)
  2 skeletal warriors (D)
  A shadow wraith (D)
  2 unseen horrors (D)
  A spectral iron dragon (D)
  A spriggan druid (D)
  An anaconda zombie (D)
  An obsidian statue (D)
  A lindwurm (D)
  4 crystal guardians (D)
  2 oklob plants (D)
  A deep elf mage (D)
  7 black mambas (D)
  A guardian serpent (D)
  2 stone giant skeletons (D)
  An elephant (D)
  3 statues (D)
  Edmund (D)
  2 spiny frogs (D)
  A rime drake (D)
  A komodo dragon (D)
  An anaconda simulacrum (D)
  A queen bee (D)
  3 wandering mushrooms (D)
  2 tyrant leeches (D)
  3 hornets (D)
  3 orc high priests (D)
  8 blink frogs (D)
  4 slime creatures (D)
  3 redbacks (D)
  A spriggan (D)
  A shadow (D)
  A spatial vortex (D)
  2 hydra simulacra (D)
  2 nagas (D)
  2 hell hounds (D)
  6 water moccasins (D)
  A swamp drake (D)
  A necrophage (D)
  A fire dragon simulacrum (D)
  A black mamba simulacrum (D)
  2 centaurs (D)
  An earth elemental (D)
  A water elemental (D)
  32 killer bees (D)
  5 electric eels (D)
  A jelly (D)
  An orc priest (D)
  A wizard (D)
  Jessica (D)
  A necromancer (D)
  A polar bear simulacrum (D)
  A wolf simulacrum (D)
  A kobold demonologist (D)
  3 humans (D)
  4 adders (D)
  An ooze (D)
  A phantom (D)
  An orc (D)
  2 rats (D)
  7 ballistomycetes (D)
  6 plants (D)
187 creatures vanquished.

Vanquished Creatures (collateral kills)
  Xtahua (D)
  Nikola (D)
  Rupert (D)
  A death yak (D)
  An orc knight (D)
  An elephant (D)
  A molten gargoyle (D)
  A spriggan (D)
  2 orc warriors (D)
  An electric eel (D)
  2 orc priests (D)
  3 orc wizards (D)
  9 orcs (D)
25 creatures vanquished.

Vanquished Creatures (others)
  2 draconian scorchers (D)
  A hydra (D)
  A death drake (D)
  A statue (D)
  3 yaktaurs (D)
  6 hellions (D)
  4 ball lightnings (D)
  4 ballistomycete spores (D)
  8 plants (D)
30 creatures vanquished.

Grand Total: 242 creatures vanquished

Notes
Turn   | Place    | Note
-------+----------+-------------------------------------------
     0 | D        | wojtek the Minotaur Berserker began the quest for the Orb.
     0 | D        | Reached XP level 1. HP: 19/19 MP: 0/0
     5 | D        | Reached skill level 4 in Axes
    11 | D        | Noticed Jessica
    13 | D        | Killed Jessica
    13 | D        | Reached ** piety under Trog
    13 | D        | Reached skill level 5 in Axes
    13 | D        | Reached XP level 2. HP: 26/28 MP: 1/1
    13 | D        | Reached XP level 3. HP: 32/35 MP: 2/2
    35 | D        | Killed a yaktaur
    56 | D        | Reached skill level 5 in Fighting
    56 | D        | Reached skill level 6 in Axes
    84 | D        | Killed a hellion
    84 | D        | Killed a hellion
    85 | D        | Killed a hellion
   122 | D        | Killed a hellion
   122 | D        | Killed a hellion
   156 | D        | Killed a hellion
   180 | D        | Killed a white draconian scorcher
   213 | D        | Killed a white draconian scorcher
   235 | D        | Reached *** piety under Trog
   346 | D        | Noticed a water elemental
   352 | D        | Killed a water elemental
   352 | D        | Reached skill level 7 in Axes
   352 | D        | Reached skill level 5 in Armour
   352 | D        | Reached XP level 4. HP: 44/44 MP: 3/3
   418 | D        | Found a radiant altar of Vehumet.
   418 | D        | Found a deep blue altar of Sif Muna.
   418 | D        | Found an ancient bone altar of Kikubaaqudgha.
   418 | D        | Noticed a wizard
   419 | D        | Killed a wizard
   419 | D        | Reached skill level 8 in Axes
   419 | D        | Reached skill level 5 in Dodging
   419 | D        | Reached XP level 5. HP: 51/51 MP: 4/4
   428 | D        | Noticed a red devil
   432 | D        | Reached **** piety under Trog
   731 | D        | Found a glowing silver altar of Zin.
   732 | D        | Found a glowing golden altar of the Shining One.
   732 | D        | Found a white marble altar of Elyvilon.
   732 | D        | Noticed a deep elf mage
   739 | D        | Killed a deep elf mage
   739 | D        | Reached ***** piety under Trog
   739 | D        | Reached skill level 11 in Axes
   739 | D        | Reached XP level 6. HP: 60/63 MP: 5/5
   739 | D        | Reached XP level 7. HP: 67/70 MP: 6/6
   753 | D        | Found a hide-covered altar of Uskayaw.
   753 | D        | Found an iron altar of Okawaru.
   754 | D        | Found a roughly hewn altar of Beogh.
   754 | D        | Found a bloodstained altar of Trog.
   754 | D        | Found an ornate altar of the Wu Jian Council.
   754 | D        | Noticed a human
   754 | D        | Noticed a human
   760 | D        | Killed a human
   760 | D        | Reached skill level 12 in Axes
   764 | D        | Killed a human
   815 | D        | Found a basalt altar of Yredelemnul.
   815 | D        | Found a shadowy altar of Dithmenos.
   815 | D        | Found a sacrificial altar of Ru.
   821 | D        | Reached skill level 10 in Fighting
   821 | D        | Reached skill level 13 in Axes
   862 | D        | Noticed a shadow
   869 | D        | Received a gift from Trog
   878 | D        | Killed a shadow
   878 | D        | Reached XP level 8. HP: 7/79 MP: 7/7
  1191 | D        | Found a blossoming altar of Fedhas.
  1191 | D        | Found a stormy altar of Qazlal.
  1191 | D        | Found a snail-covered altar of Cheibriados.
  1191 | D        | Found a burning altar of Makhleb.
  1191 | D        | Found a shimmering altar of Xom.
  1192 | D        | Found a hazy altar of Hepliaklqana.
  1192 | D        | Found an opulent altar of Gozag.
  1192 | D        | Found a sparkling altar of Nemelex Xobeh.
  1192 | D        | Found a corrupted altar of Lugonu.
  1192 | D        | Found a viscous altar of Jiyva.
  1217 | D        | Reached skill level 10 in Armour
  1299 | D        | Noticed Erica
  1323 | D        | Killed Erica
  1323 | D        | Reached skill level 14 in Axes
  1323 | D        | Reached skill level 10 in Dodging
  1582 | D        | Reached XP level 9. HP: 55/89 MP: 8/8
  1723 | D        | Noticed an orc knight
  1728 | D        | Received a gift from Trog
  1733 | D        | Reached skill level 15 in Axes
  1735 | D        | Killed an orc knight
  1738 | D        | Received a gift from Trog
  1743 | D        | Received a gift from Trog
  1746 | D        | Found Enu Irr's Distillery.
  1926 | D        | Noticed a centaur warrior
  1930 | D        | Killed a centaur warrior
  1930 | D        | Received a gift from Trog
  1930 | D        | Reached skill level 16 in Axes
  2036 | D        | Killed an unseen horror
  2036 | D        | Reached ****** piety under Trog
  2040 | D        | Killed an unseen horror
  2040 | D        | Reached skill level 17 in Axes
  2040 | D        | Reached XP level 10. HP: 78/101 MP: 9/9
  2169 | D        | Received a gift from Trog
  2371 | D        | Received a gift from Trog
  2517 | D        | Received a gift from Trog
  2531 | D        | Reached skill level 18 in Axes
  2564 | D        | Received a gift from Trog
  2698 | D        | Noticed a spiny frog
  2698 | D        | Noticed a spiny frog
  2703 | D        | Killed a spiny frog
  2703 | D        | Received a gift from Trog
  2705 | D        | Killed a spiny frog
  2838 | D        | Reached skill level 19 in Axes
  2838 | D        | Reached XP level 11. HP: 79/111 MP: 10/10
  3002 | D        | Noticed Rupert
  3002 | D        | Paralysed by Rupert for 4 turns
  3010 | D        | Killed Rupert
  3010 | D        | Received a gift from Trog
  3028 | D        | Noticed a dire elephant
  3032 | D        | Reached skill level 15 in Fighting
  3037 | D        | Noticed Gastronok
  3037 | D        | Killed a dire elephant
  3037 | D        | Reached skill level 20 in Axes
  3037 | D        | Reached skill level 15 in Armour
  3049 | D        | Noticed a dire elephant
  3050 | D        | Killed Gastronok
  3053 | D        | Killed a dire elephant
  3057 | D        | Received a gift from Trog
  3059 | D        | Noticed an azure jelly
  3059 | D        | Noticed an azure jelly
  3059 | D        | Noticed an azure jelly
  3059 | D        | Noticed an azure jelly
  3068 | D        | Got a bone executioner's axe {god gift}
  3111 | D        | Identified the +6 executioner's axe of Ximel {holy, +Blink rPois} (Trog gifted it to you in the Dungeon)
  3330 | D        | Noticed a death yak
  3331 | D        | Noticed a death yak
  3344 | D        | Killed a death yak
  3344 | D        | Reached skill level 21 in Axes
  3352 | D        | Noticed a death yak
  3352 | D        | Killed a death yak
  3354 | D        | Reached XP level 12. HP: 57/122 MP: 11/11
  3355 | D        | Noticed a death yak
  3357 | D        | Killed a death yak
  3367 | D        | Killed a death yak
  3367 | D        | Reached skill level 15 in Dodging
  3726 | D        | Received a gift from Trog
  3729 | D        | Got an encrusted battleaxe {god gift}
  3748 | D        | Noticed an anaconda
  3752 | D        | Killed an anaconda
  3755 | D        | Reached skill level 22 in Axes
  3817 | D        | Noticed an anaconda
  3818 | D        | Noticed an anaconda
  3824 | D        | Killed an anaconda
  3827 | D        | Received a gift from Trog
  3832 | D        | Killed an anaconda
  4018 | D        | Noticed an anaconda
  4026 | D        | Killed an anaconda
  4026 | D        | Received a gift from Trog
  4053 | D        | Noticed a naga warrior
  4053 | D        | Noticed a nagaraja
  4079 | D        | Killed a naga warrior
  4182 | D        | Found Cukony's Gadget Boutique.
  4182 | D        | Found Ruppup's Distillery.
  4184 | D        | Found Eqyomeul's Antique Weapon Shop.
  4201 | D        | Received a gift from Trog
  4206 | D        | Killed a nagaraja
  4206 | D        | Reached skill level 23 in Axes
  4220 | D        | Got a serpentine rune of Zot
  4254 | D        | Bought a potion of curing for 30 gold pieces
  4377 | D        | Identified the +3 battleaxe of Understanding {chop, rF+ MR+ Str+4} (Trog gifted it to you in the Dungeon)
  4652 | D        | Noticed Urug
  4657 | D        | Killed Urug
  4657 | D        | Received a gift from Trog
  4657 | D        | Reached XP level 13. HP: 117/134 MP: 12/12
  4881 | D        | Found a blossoming altar of Fedhas.
  4893 | D        | Killed a ghost moth
  4893 | D        | Received a gift from Trog
  4893 | D        | Reached skill level 24 in Axes
  5207 | D        | Noticed a fire dragon
  5213 | D        | Killed a fire dragon
  5215 | D        | Noticed a fire dragon
  5233 | D        | Killed a fire dragon
  5406 | D        | Noticed a fire dragon
  5407 | D        | Noticed a fire dragon
  5429 | D        | Killed a fire dragon
  5429 | D        | Received a gift from Trog
  5434 | D        | Killed a fire dragon
  5635 | D        | Found Patoubre's Book Emporium.
  5635 | D        | Found Rownip Xuqo's Distillery.
  5635 | D        | Found Jetok's Antique Armour Shoppe.
  5636 | D        | Noticed a fire dragon
  5648 | D        | Killed a fire dragon
  5653 | D        | Noticed a fire dragon
  5661 | D        | Killed a fire dragon
  5778 | D        | Bought a pair of embroidered boots for 165 gold pieces
  5778 | D        | Bought a ring mail for 88 gold pieces
  5778 | D        | Bought a pair of embroidered boots for 165 gold pieces
  5840 | D        | Noticed Xtahua
  5847 | D        | Killed Xtahua
  5847 | D        | Reached skill level 25 in Axes
  5852 | D        | Got a decaying rune of Zot
  5944 | D        | Noticed Sigmund
  5944 | D        | Noticed Edmund
  5957 | D        | Killed Edmund
  5967 | D        | Killed Sigmund
  6217 | D        | Received a gift from Trog
  6504 | D        | Found Loyroledgh's Food Emporium.
  6504 | D        | Found Zuru's Book Shop.
  6504 | D        | Found Nunaad's Distillery.
  6504 | D        | Found Joigamem's Jewellery Shoppe.
  6504 | D        | Found Sanlil's Distillery.
  6504 | D        | Found Jufixt's Antique Weapon Emporium.
  6504 | D        | Found Cism's Assorted Antiques.
  6504 | D        | Found Obihunere's Assorted Antiques.
  6504 | D        | Found Pieqaimm's Antique Armour Shop.
  6504 | D        | Found Wyme's Gadget Emporium.
  6504 | D        | Found Uharorouwk's Distillery.
  6504 | D        | Found Hideng's Magic Scroll Boutique.
  6550 | D        | Bought an encrusted plate armour for 784 gold pieces
  6551 | D        | Bought an uncursed ring of protection from cold for 275 gold pieces
  6562 | D        | Identified the +17 plate armour of Jadonaiv {Regen+ Int+2} (You bought it in a shop in the Dungeon)
  6655 | D        | Received a gift from Trog
  6827 | D        | Noticed Boris
  6830 | D        | Received a gift from Trog
  6830 | D        | Reached skill level 26 in Axes
  6830 | D        | Reached XP level 14. HP: 147/147 MP: 13/13
  6838 | D        | Killed Boris
  6929 | D        | Found Atip's Gadget Emporium.
  6929 | D        | Found Baseydok's Distillery.
  6929 | D        | Found Hiusuesch's Gadget Shop.
  6929 | D        | Found Muive's Gadget Shoppe.
  6934 | D        | Received a gift from Trog
  7034 | D        | Noticed a reaper
  7055 | D        | Received a gift from Trog
  7064 | D        | Reached skill level 27 in Axes
  7201 | D        | Noticed a storm dragon
  7206 | D        | Killed a storm dragon
  7253 | D        | Noticed Nikola
  7261 | D        | Killed Nikola
  7402 | D        | Received a gift from Trog
  7462 | D        | Noticed a vampire knight
  7462 | D        | Noticed Mara
  7462 | D        | Noticed a vampire knight
  7466 | D        | Noticed wojtek's illusion
  7551 | D        | Killed a vampire knight
  7573 | D        | Killed a vampire knight
  7619 | D        | Noticed wojtek's illusion
  7642 | D        | HP: 1/151 [Mara (illusionary)/bolt of fire (20)]
  7643 | D        | Slain by Mara

Skill      XL: |  1  2  3  4  5  6  7  8  9 10 11 12 13 14 |
---------------+-------------------------------------------+-----
Fighting       | 4 6 9 10 11 13 14 16 17 19 21 | 21.4
Axes           | 5 7 8 11 13 14 17 19 21 23 26 27 | 27.0
Armour         | 4 5 8 9 11 12 14 15 17 19 21 | 21.2
Dodging        | 3 4 5 7 9 10 11 13 14 16 18 19 | 19.8

Action                   |  1- 3 |  4- 6 |  7- 9 | 10-12 | 13-15 || total
-------------------------+-------+-------+-------+-------+-------++-------
Melee: Hand axe          |    26 |    14 |    28 |       |       ||    68
       Headbutt          |     7 |     2 |     6 |    40 |    80 ||   135
       Executioner's axe |       |       |    27 |   264 |    31 ||   322
       Battleaxe         |       |       |       |       |   227 ||   227
Invok: Berserk           |     1 |     1 |     2 |     1 |     2 ||     7
       Burn Spellbooks   |       |     1 |       |       |       ||     1
       Brothers in Arms  |       |       |     1 |     3 |    13 ||    17
Evoke: Phantom mirror    |       |       |       |       |     1 ||     1
  Use: Potion            |       |       |       |       |     1 ||     1
 Stab: Held in net/web   |       |       |       |       |     2 ||     2
  Eat: Chunk             |       |     1 |     3 |     5 |     2 ||    11
       Ration            |       |       |     1 |     2 |     4 ||     7
Armor: Ring mail         |       |       |     2 |       |     7 ||     9
       Animal skin       |       |       |     1 |       |       ||     1
       Plate armour      |       |       |    16 |   142 |   128 ||   286
Dodge: Dodged            |    14 |     6 |    27 |   175 |   138 ||   360
